 Dungeon Crawl Stone Soup version 0.28.0-1-gb440e238dd (webtiles) character file.

Game seed: 16634612490895234889

1408 themarg the Skirmisher (level 8, 0/105 HPs)
             Began as a Minotaur Berserker on Feb 19, 2022.
             Was a Priest of Trog.
             Slain by an unseen horror (2 damage)
             ... on level 6 of the Dungeon on Feb 20, 2022.
             The game lasted 00:22:04 (7819 turns).

themarg the Skirmisher (Minotaur Berserker)         Turns: 7819, Time: 00:22:04

Health: 0/105      AC: 24    Str: 23    XL:     8   Next: 42%
Magic:  7/7        EV:  2    Int:  4    God:    Trog [***...]
Gold:   308        SH:  0    Dex: 11    Spells: 7/7 levels left

rFire   . . .      SeeInvis .   d - +2 dagger (speed)
rCold   . . .      Faith    .   (no shield)
rNeg    . . .      Spirit   .   (armour currently unavailable)
rPois   +          Reflect  .   (helmet currently unavailable)
rElec   .          Harm     .   (cloak currently unavailable)
rCorr   .          Rampage  .   (gloves currently unavailable)
Will    +....      NoTele   +   (boots currently unavailable)
Stlth   ++........              (no amulet)
HPRegen 0.27/turn               D - ring of willpower
MPRegen 0.10/turn               (no ring)

@: tree-form, on berserk cooldown
A: stationary, stasis, torment immunity, boosted hp, (horns 2), (retaliatory
headbutt)
a: Renounce Religion, Berserk, Trog's Hand


You were on level 6 of the Dungeon.
You worshipped Trog.
Trog was most pleased with you.
You were a tree.
You visited 1 branch of the dungeon, and saw 6 of its levels.

You collected 308 gold pieces.

Inventory:

Hand Weapons
 a - a +0 hand axe
 d - a +2 dagger of speed (weapon)
 y - a +1 hand axe of flaming
 C - a +1 short sword of venom
Missiles
 e - 142 stones (quivered)
 v - 3 atropa-tipped darts
 w - 3 poisoned darts
Armour
 k - a +0 pair of gloves (melded)
 p - a +0 ring mail (melded)
 q - a +0 pair of boots (melded)
 z - a +1 robe of willpower
Jewellery
 l - a ring of magical power
 u - an amulet of faith
 D - a ring of willpower (left branch)
Wands
 s - a wand of iceblast (10)
 B - a wand of flame (20)
 E - a wand of paralysis (5)
Scrolls
 i - a scroll of summoning {unknown}
 j - 2 scrolls of enchant armour
 m - 3 scrolls of teleportation
 o - a scroll of silence {unknown}
 r - 3 scrolls of enchant weapon
 x - a scroll of amnesia {unknown}
 A - a scroll of noise {unknown}
Potions
 b - a potion of brilliance {unknown}
 f - 3 potions of curing
 g - a potion of haste {unknown}
 h - a potion of mutation {unknown}
 t - a potion of attraction {unknown}


   Skills:
 + Level 6.2 Fighting
 + Level 6.1 Short Blades
 + Level 4.4 Axes
 + Level 6.1 Armour
 + Level 5.4 Dodging
 + Level 2.3 Stealth


You had 7 spell levels left.
You didn't know any spells.
Your spell library was empty.

Dungeon Overview and Level Annotations

Branches:
Dungeon (6/15)
 Temple: D:4-7

Altars:
Xom

Annotations:
D:4 2 transporters, Foxy's ghost, amateur DjFE


Innate Abilities, Weirdness & Mutations

You are a tree.
Your roots penetrate the ground, keeping you stationary.
You cannot be teleported.
You are immune to unholy pain and torment.
Your maximum health is greatly increased.
Your equipment is partially melded.
((You have a pair of horns on your head.))
((You reflexively headbutt those who attack you in melee.))


Message History

You cannot move.
You cannot move.
You cannot move.
You cannot move.
You cannot move.
You cannot move.
You cannot move.
Hit: d) +2 dagger (speed)
Press: ? - help, Dir - move target You swing at nothing.
Hit: d) +2 dagger (speed)
Press: ? - help, Dir - move target You swing at nothing.
Something hits you but does no damage.
Hit: d) +2 dagger (speed)
Press: ? - help, Dir - move target You swing at nothing.
Something completely misses you.
Hit: d) +2 dagger (speed)
Press: ? - help, Dir - move target You swing at nothing.
Something hits you.
* * * LOW HITPOINT WARNING * * *
Something hits you but does no damage.
Hit: d) +2 dagger (speed)
Press: ? - help, Dir - move target You swing at nothing.
Something hits you but does no damage.
Hit: d) +2 dagger (speed)
Press: ? - help, Dir - move target You barely miss something.
Something hits you but does no damage.
Hit: d) +2 dagger (speed)
Press: ? - help, Dir - move target You miss something.
Something hits you but does no damage.
Hit: d) +2 dagger (speed)
Press: ? - help, Dir - move target You swing at nothing.
Hit: d) +2 dagger (speed)
Press: ? - help, Dir - move target You swing at nothing.
Something hits you but does no damage.
Hit: d) +2 dagger (speed)
Press: ? - help, Dir - move target You swing at nothing.
Something hits you.
You die...

####
#...#......######.......
+...#......# ########
#...#.)....# #
#...#.))...# #
######.)....# #
#...........# #
#...........+
#...........#
........♣...#
............#
............+
............#
.############


There were no monsters in sight!

Vanquished Creatures
  Duvessa (D:4)
  2 water moccasins
  A hornet zombie (D:4)
  A sky beast (D:6)
  An ogre (D:5)
  A phantom (D:3)
  Blork the orc (D:4)
  A bullfrog (D:6)
  Dowan (D:4)
  A water moccasin skeleton (D:5)
  A howler monkey (D:6)
  2 bullfrog zombies (D:6)
  A jelly (D:6)
  4 hounds
  A bullfrog skeleton (D:4)
  Ijyb (D:5)
  An orc wizard (D:4)
  A hound skeleton (D:5)
  4 gnolls (D:4)
  3 adders
  2 adder skeletons (D:4)
  3 worms
  4 dart slugs
  8 orcs
  8 endoplasms
  4 giant cockroaches
  10 goblins
  5 hobgoblins
  3 kobolds
  3 quokkas (D:3)
  12 ball pythons
  8 bats
  3 frilled lizards
  7 rats
110 creatures vanquished.

Vanquished Creatures (others)
  A fungus (D:3)
  4 plants (D:3)
5 creatures vanquished.

Grand Total: 115 creatures vanquished

Notes
Turn   | Place    | Note
-------+----------+-------------------------------------------
     0 | D:1      | themarg the Minotaur Berserker began the quest for the Orb.
     0 | D:1      | Reached XP level 1. HP: 19/19 MP: 0/0
   565 | D:1      | Reached XP level 2. HP: 27/27 MP: 1/1
  1598 | D:2      | Reached XP level 3. HP: 26/33 MP: 2/2
  1761 | D:2      | Found a shimmering altar of Xom.
  1873 | D:2      | Reached ** piety under Trog
  2163 | D:2      | Reached skill level 1 in Short Blades
  2932 | D:3      | Reached XP level 4. HP: 41/41 MP: 3/3
  2936 | D:3      | Noticed a phantom
  2948 | D:3      | Killed a phantom
  2949 | D:3      | Reached XP level 5. HP: 47/47 MP: 4/4
  3620 | D:3      | Found a faded altar of an unknown god.
  3667 | D:4      | Noticed Blork the orc
  3673 | D:4      | Killed Blork the orc
  3674 | D:4      | Reached skill level 1 in Stealth
  3883 | D:4      | Noticed Dowan
  3884 | D:4      | Noticed Duvessa
  4059 | D:4      | Reached skill level 5 in Fighting
  4059 | D:4      | Reached XP level 6. HP: 56/56 MP: 5/5
  4199 | D:4      | Found a transporter.
  4364 | D:4      | Noticed Foxy's ghost (amateur DjFE)
  4369 | D:4      | Found a transporter.
  4544 | D:4      | Killed Dowan
  4747 | D:4      | Reached *** piety under Trog
  4748 | D:4      | Reached XP level 7. HP: 33/61 MP: 6/6
  5628 | D:4      | Killed Duvessa
  5629 | D:4      | Reached skill level 5 in Short Blades
  5732 | D:5      | Entered Level 5 of the Dungeon
  6039 | D:5      | Reached skill level 5 in Armour
  6526 | D:5      | Reached XP level 8. HP: 70/70 MP: 7/7
  6902 | D:5      | Noticed Ijyb
  6914 | D:5      | Killed Ijyb
  6915 | D:5      | Reached skill level 5 in Dodging
  7795 | D:6      | HP: 3/70 [something (8)]
  7809 | D:6      | HP: 4/105 [something (2)]
  7813 | D:6      | HP: 1/105 [something (4)]
  7819 | D:6      | Slain by an unseen horror

Illustrated notes

Levels and vault maps discovered:
D:1:      amcnicky_arrival_wind_blow, layout_basic, dk_noncrumbling_3
D:2:      layout_loops_ring, basic_altar
D:3:      kb_forest_paths, layout_basic, shapermc_ecumenical_altar_hornbeckon,
          chequers_serial_rivers_small_a
D:4:      layout_basic, gammafunk_ghost_mausoleum,
          amcnicky_mini_rare_corridor_liquid, chequers_serial_rivers_small_3,
          grunt_ministairs_4, uniq_duvessa, uniq_blork_the_orc
D:5:      layout_gridville, uniq_ijyb
D:6:      layout_gridville, minmay_misc_feat_encased

Skill      XL: |  1  2  3  4  5  6  7  8 |
---------------+-------------------------+-----
Axes           | 4 |  4.4
Fighting       | 4 5 6 |  6.2
Short Blades   | 1 2 3 4 5 6 |  6.1
Dodging        | 3 4 5 |  5.4
Stealth        | 1 2 |  2.3
Armour         | 3 5 6 |  6.1

Action                   |  1- 3 |  4- 6 |  7- 9 || total
-------------------------+-------+-------+-------++-------
Melee: Hand axe          |    21 |       |       ||    21
       Dagger            |    93 |   128 |   132 ||   353
       Headbutt          |    13 |    28 |    31 ||    72
       Punch             |     2 |     1 |     1 ||     4
Invok: Berserk           |       |     5 |     3 ||     8
  Use: Scroll            |       |     3 |     3 ||     6
       Potion            |       |       |     4 ||     4
 Stab: Sleeping          |     1 |       |       ||     1
Armor: Animal skin       |    18 |       |       ||    18
       Ring mail         |     4 |    34 |    45 ||    83
       Skin              |       |       |     7 ||     7
Dodge: Dodged            |    50 |    61 |    44 ||   155
